 Dungeon Crawl Stone Soup version 0.29.0-11-gd7f09526c8 (webtiles) character file.

Game seed: 16601402595742690128

9363 ragingrage the Destroyer (level 11, -1/57 HPs)
             Began as a Kobold Hedge Wizard on Sept 7, 2022.
             Was a Believer of Hepliaklqana.
             Slain by an eight-headed hydra (9 damage)
             ... on level 11 of the Dungeon.
             The game lasted 00:21:50 (15051 turns).

ragingrage the Destroyer (Kobold Hedge Wizard)     Turns: 15051, Time: 00:21:50

Health: -1/57      AC:  6    Str: 10    XL:     11   Next: 73%
Magic:  17/18      EV: 20    Int: 20    God:    Hepliaklqana [**....]
Gold:   561        SH:  0    Dex: 15    Spells: 3/20 levels left

rFire   + . .      SeeInvis .   a - staff of conjuration
rCold   + . .      Faith    .   (shield currently unavailable)
rNeg    + . .      Spirit   .   e - +1 robe {rC+ rF+}
rPois   .          Reflect  .   r - +0 helmet
rElec   .          Harm     .   (no cloak)
rCorr   .          Rampage  .   t - +0 pair of gloves
Will    .....                   s - +0 pair of boots "Haeqet" {rN+ Regen+ Str-3}
Stlth   +++.......              B - amulet of magic regeneration
HPRegen 0.99/turn               F - +6 ring of strength
MPRegen 0.56/turn               K - ring of wizardry

@: no status effects
A: reduced essence, small, no large weapons, nightstalker 3
a: Renounce Religion, Recall Ancestor, Ancestor Identity


You were on level 11 of the Dungeon.
You worshipped Hepliaklqana.
Hepliaklqana was pleased with you.
You visited 2 branches of the dungeon, and saw 12 of its levels.
You also visited: Ossuary.

You collected 732 gold pieces.
You spent 171 gold pieces at shops.

Inventory:

Hand Weapons
 b - a +2 short sword of venom
 q - a +5 scimitar
 G - a +3 short sword
 L - a +4 short sword
Missiles
 h - 43 poisoned darts
 j - a throwing net
 J - a curare-tipped dart
Armour
 e - a +1 robe of resistance (worn)
 r - a +0 helmet (worn)
 s - the +0 pair of boots "Haeqet" (worn) {rN+ Regen+ Str-3}
   (You found it on level 3 of the Dungeon)

   Str:       It affects your strength (-3).
   rN:        It protects you from negative energy.
   Regen:     It increases your rate of health regeneration.
 t - a +0 pair of gloves (worn)
Magical Staves
 a - a staff of conjuration (weapon)
Jewellery
 B - an amulet of magic regeneration (around neck)
 F - a +6 ring of strength (left hand)
 K - a ring of wizardry (right hand)
 M - a ring of fire
Wands
 n - a wand of flame (37)
 p - a wand of paralysis (7)
 y - a wand of digging (9)
 C - a wand of light (3)
 D - a wand of iceblast (14)
Scrolls
 c - 2 scrolls of summoning
 g - 5 scrolls of teleportation
 o - 2 scrolls of noise
 x - 3 scrolls of enchant weapon
 E - a scroll of fear {unknown}
 H - a scroll of identify {@*r}
 I - a scroll of enchant armour {unknown}
 N - a scroll of magic mapping
Potions
 d - 2 potions of magic
 f - 2 potions of degeneration
 i - 3 potions of resistance
 k - 5 potions of brilliance
 l - 4 potions of heal wounds
 m - 3 potions of might
 u - 7 potions of lignification
 v - 3 potions of mutation
 w - 2 potions of haste {unknown}
 z - 5 potions of curing
 A - 2 potions of flight {unknown}


   Skills:
 - Level 6.0 Fighting
 - Level 10.0 Dodging
 - Level 2.6 Stealth
 - Level 5.0 Spellcasting
 - Level 12.0 Conjurations
 - Level 4.0 Summonings
 - Level 1.0 Translocations
 + Level 6.4 Earth Magic


You had 3 spell levels left.
You knew the following spells:

 Your Spells              Type           Power      Damage    Failure   Level
a - Magic Dart            Conj           100%       1d8       1%          1
b - Call Imp              Summ           21%        N/A       1%          2
c - Blink                 Tloc           18%        N/A       4%          2
d - Mephitic Cloud        Conj/Pois/Air  31%        N/A       2%          3
e - Searing Ray           Conj           100%       2d8       1%          2
f - Stone Arrow           Conj/Erth      100%       3d13      1%          3
g - Fulminant Prism       Conj/Hex       21%        3d13      4%          4

Your spell library contained the following spells:

 Spells                   Type           Power      Damage    Failure   Level
 Conjure Flame            Conj/Fire      43%        6-21      1%          3
 Slow                     Hex            20%        N/A       4%          1
 Gell's Gravitas          Tloc           9%         N/A       9%          3
 Lesser Beckoning         Tloc           9%         N/A       9%          3
 Teleport Other           Tloc           9%         N/A       9%          3
 Animate Armour           Summ/Erth      50%        N/A       6%          4
 Conjure Ball Lightning   Conj/Air       21%        3x3d6     50%         6
 Lehudib's Crystal Spear  Conj/Erth      29%        10d8      99%         8
 Borgnjor's Revivificati  Necr           2%         N/A       100%        8
 Discord                  Hex            2%         N/A       100%        8
 Disjunction              Tloc           4%         N/A       100%        8
 Necromutation            Tmut/Necr      2%         N/A       100%        8
 Chain Lightning          Conj/Air       21%        3d28      100%        9
 Death's Door             Necr           2%         N/A       100%        9
 Fire Storm               Conj/Fire      21%        8d6       100%        9
 Shatter                  Erth           15%        3d15*     100%        9


Dungeon Overview and Level Annotations

Branches:
Dungeon (11/15)            Temple (1/1) D:7         Ossuary (visited)
   Lair: D:8-11         Orc: D:9-12

Altars:
Ashenzari
Cheibriados
Dithmenos
Elyvilon
Fedhas
Gozag
Hepliaklqana
Kikubaaqudgha
Makhleb
Nemelex Xobeh
Okawaru
Qazlal
Ru
Sif Muna
Trog
Uskayaw
Vehumet
Wu Jian
Yredelemnul
Zin
The Shining One

Shops:
D:5 (?[[

Annotations:
D:4 1 runed translucent door, exclusion: crimson imp, Crazy Yiuf
D:5 1 exclusion
D:6 exclusion: downstairs
D:7 exclusion: wyvern


Innate Abilities, Weirdness & Mutations

Your life essence is reduced to manifest your ancestor. (-10% HP)
You are small and have problems with some larger weapons.
You are completely attuned to the shadows.


Message History

Press: ? - help, Shift-Dir - straight line, f/p - eight-headed hydra
Aim: an eight-headed hydra (moderately wounded, ally target, 100% to hit)
You feel a surge of power!
The magic dart hits the eight-headed hydra.
The eight-headed hydra is heavily wounded.
The eight-headed hydra bites you!
The eight-headed hydra barely misses you.
The eight-headed hydra completely misses you.
The eight-headed hydra bites you!
The eight-headed hydra barely misses you.
The eight-headed hydra closely misses you.
The eight-headed hydra completely misses you.
The eight-headed hydra closely misses you.
Enheduana hits the eight-headed hydra with a +0 flail!
Casting: Magic Dart (safe; 1% risk of failure)
Confirm with . or Enter, or press ? or * to list all spells.
Aiming: Magic Dart (safe; 1% risk of failure)
Press: ? - help, Shift-Dir - straight line, f/p - eight-headed hydra
Aim: an eight-headed hydra (heavily wounded, ally target, 100% to hit)
You feel a surge of power!
The magic dart hits the eight-headed hydra!
The eight-headed hydra is heavily wounded.
The eight-headed hydra bites you. x2
The eight-headed hydra completely misses you.
The eight-headed hydra closely misses you.
The eight-headed hydra misses you. The eight-headed hydra bites you.
The eight-headed hydra bites you!
* * * LOW HITPOINT WARNING * * *
The eight-headed hydra bites you!
* * * LOW HITPOINT WARNING * * *
Enheduana hits the eight-headed hydra with a +0 flail!
You feel much better. The eight-headed hydra misses you.
The eight-headed hydra bites you!
* * * LOW HITPOINT WARNING * * *
The eight-headed hydra bites you!
* * * LOW HITPOINT WARNING * * *
The eight-headed hydra completely misses you.
The eight-headed hydra closely misses you.
The eight-headed hydra bites you!
You die...

..# ...#
.... ###
....##@#
....RD.#
......##
.....##
....##
.##.


You could see the friendly Enheduana the knight and an eight-headed hydra (ally
target).

Vanquished Creatures
  2 two-headed ogres (D:10)
  Maurice (D:9)
  A kobold demonologist (D:10)
  3 trolls (D:10)
  A hornet (D:7)
  2 polar bears (D:8)
  Sigmund (D:4)
  A wyvern (D:10)
  A vampire (D:9)
  6 yaks
  An unseen horror simulacrum (D:8)
  A steam dragon (D:6)
  2 water moccasins
  2 orc warriors (D:10)
  6 ice beasts
  2 black bears
  4 centaurs
  A kobold brigand (D:9)
  3 bullfrogs
  A gnoll sergeant (D:9)
  A scorpion (D:5)
  12 wights
  2 howler monkeys
  3 electric eels
  A centaur zombie (Ossuary)
  2 hounds
  2 jellies
  3 orc priests
  A wyvern simulacrum (D:8)
  A gnoll bouda (D:5)
  2 centaur simulacra (D:8)
  A mummy (Ossuary)
  4 adders
  7 gnolls
  2 shadow imps
  4 white imps
  An ufetubus (D:8)
  An adder zombie (Ossuary)
  40 orcs
  3 ball pythons
  4 endoplasms
  3 giant cockroaches
  16 goblins
  2 hobgoblins
  2 jackals (D:3)
  A quokka (D:3)
  9 bats
  3 frilled lizards
  A goblin zombie (Ossuary)
  7 hobgoblin zombies (Ossuary)
  2 jackal zombies (Ossuary)
  6 kobolds
  9 kobold zombies (Ossuary)
  4 orc zombies (Ossuary)
  11 rats
  A rat zombie (Ossuary)
216 creatures vanquished.

Vanquished Creatures (collateral kills)
  Nergalle (D:10)
  A hornet (D:9)
  A water moccasin (D:8)
  2 kobold brigands (D:10)
  An elf zombie (Ossuary)
  A necrophage (D:6)
  2 wights (D:10)
  A jelly (D:7)
  2 hounds (D:5)
  2 human zombies (Ossuary)
  A centaur zombie (Ossuary)
  An orc wizard (D:7)
  A mummy (Ossuary)
  Robin (D:2)
  2 gnolls (D:5)
  A white imp (D:8)
  2 worms (D:3)
  11 orcs
  A goblin (D:4)
  2 jackals (D:5)
  A goblin zombie (Ossuary)
  3 kobold zombies (Ossuary)
  3 orc zombies (Ossuary)
44 creatures vanquished.

Vanquished Creatures (others)
  2 ancestors (D:9)
2 creatures vanquished.

Grand Total: 262 creatures vanquished

Notes
Turn   | Place    | Note
-------+----------+-------------------------------------------
     0 | D:1      | ragingrage the Kobold Hedge Wizard began the quest for the
                  | Orb.
     0 | D:1      | Reached XP level 1. HP: 10/10 MP: 4/4
   510 | D:1      | Found a faded altar of an unknown god.
   950 | D:1      | Reached XP level 2. HP: 9/15 MP: 3/6
  1190 | D:2      | Reached XP level 3. HP: 11/19 MP: 1/8
  1197 | D:2      | Learned a level 2 spell: Call Imp
  1202 | D:2      | Learned a level 2 spell: Blink
  1206 | D:2      | Learned a level 3 spell: Mephitic Cloud
  2038 | D:2      | Noticed Robin
  2166 | D:2      | Reached skill level 2 in Conjurations
  2289 | D:2      | Killed Robin
  2290 | D:2      | Reached XP level 4. HP: 24/24 MP: 7/9
  2711 | D:3      | Learned a level 2 spell: Searing Ray
  2773 | D:3      | Found a shadowy altar of Dithmenos.
  2801 | D:3      | Found a blossoming altar of Fedhas.
  3134 | D:3      | Reached XP level 5. HP: 28/28 MP: 7/11
  3687 | D:3      | Found a shimmering blue altar of Sif Muna.
  3707 | D:3      | Found an opulent altar of Gozag.
  3710 | D:3      | Identified the +0 pair of boots "Haeqet" {rN+ Regen+ Str-3}
  3994 | D:4      | Found a glowing silver altar of Zin.
  4114 | D:4      | Found a sand-covered staircase.
  4120 | Ossuary  | Entered an ossuary
  4618 | Ossuary  | Reached skill level 3 in Conjurations
  4629 | Ossuary  | Reached XP level 6. HP: 32/32 MP: 8/12
  5097 | Ossuary  | Reached skill level 5 in Spellcasting
  5113 | Ossuary  | Reached XP level 7. HP: 35/36 MP: 7/14
  5277 | D:4      | Found a burning altar of Makhleb.
  5307 | D:4      | Found a runed translucent door.
  5310 | D:4      | Noticed Crazy Yiuf
  5367 | D:4      | Learned a level 3 spell: Stone Arrow
  5498 | D:4      | Noticed Sigmund
  5512 | D:4      | Killed Sigmund
  5513 | D:4      | Reached skill level 5 in Conjurations
  5602 | D:4      | Found a hazy altar of Hepliaklqana.
  5953 | D:5      | Entered Level 5 of the Dungeon
  6203 | D:5      | Reached skill level 6 in Conjurations
  6203 | D:5      | Reached XP level 8. HP: 41/41 MP: 15/15
  6664 | D:5      | Found Qiepsoh's Antique Armour Shop.
  6684 | D:5      | Found Pioben's Magic Scroll Boutique.
  6881 | D:5      | Found Begruegh's Weapon Shoppe.
  6886 | D:5      | Bought a +2 short sword of venom for 171 gold pieces
  7153 | D:5      | Found Siux Vuw's Antique Armour Shoppe.
  7220 | D:6      | Reached skill level 7 in Conjurations
  7953 | D:6      | Reached skill level 8 in Conjurations
  8410 | D:6      | Reached skill level 9 in Conjurations
  8410 | D:6      | Reached XP level 9. HP: 38/46 MP: 6/16
  8550 | D:7      | Reached skill level 1 in Fighting
  8953 | D:7      | Noticed a hornet
  8961 | D:7      | Killed a hornet
  9207 | D:7      | Found a staircase to the Ecumenical Temple.
  9415 | Temple   | Entered the Ecumenical Temple
  9872 | D:4      | Became a worshipper of Hepliaklqana the Forgotten
 10212 | D:7      | Found a sacrificial altar of Ru.
 10279 | D:7      | Learned a level 4 spell: Fulminant Prism
 10799 | D:8      | Reached skill level 5 in Dodging
 11174 | D:8      | Noticed a polar bear
 11284 | D:8      | Killed a polar bear
 11285 | D:8      | Reached skill level 10 in Conjurations
 11285 | D:8      | Reached XP level 10. HP: 37/58 MP: 10/17
 11328 | D:8      | Reached skill level 5 in Fighting
 11964 | D:8      | Found a radiant altar of Vehumet.
 12144 | D:8      | Reached skill level 1 in Earth Magic
 12828 | D:9      | Reached * piety under Hepliaklqana
 13164 | D:9      | Reached skill level 11 in Conjurations
 13524 | D:9      | Noticed Maurice
 13540 | D:9      | Killed Maurice
 13541 | D:9      | Reached XP level 11. HP: 57/57 MP: 18/18
 13612 | D:9      | Found a stormy altar of Qazlal.
 13647 | D:9      | Reached ** piety under Hepliaklqana
 13648 | D:9      | Remembered your ancestor Enheduana as a knight
 13888 | D:10     | Entered Level 10 of the Dungeon
 14166 | D:10     | Noticed a two-headed ogre
 14170 | D:10     | Killed a two-headed ogre
 14171 | D:10     | Reached skill level 5 in Earth Magic
 14473 | D:10     | Noticed Nergalle
 14483 | D:10     | Killed Nergalle
 14599 | D:10     | Noticed a two-headed ogre
 14604 | D:10     | Killed a two-headed ogre
 14605 | D:10     | Reached skill level 12 in Conjurations
 14719 | D:10     | Found a glowing golden altar of the Shining One.
 14795 | D:10     | Reached skill level 10 in Dodging
 15043 | D:11     | Noticed an eight-headed hydra
 15050 | D:11     | HP: 2/57 [eight-headed hydra (7)]
 15051 | D:11     | Slain by an eight-headed hydra

Illustrated notes

Levels and vault maps discovered:
D:1:      dpeg_arrival_erosion, layout_basic, serial_corexii_hall,
          corexii_hall_statues_u, corexii_hall_statues_s,
          ebering_ecumenical_altar_webs
D:2:      layout_basic, uniq_robin
D:3:      layout_rooms, nicolae_overflow_quartered_altars
D:4:      layout_basic, grunt_temple_overflow_champion_of_chaos,
          mainiacjoe_overflow_divided_tiny, enter_ossuary_5, minmay_hedge_maze,
          uniq_sigmund, uniq_crazy_yiuf_cottage
D:5:      layout_loops_ring, serial_shops, nicolae_inconvenience_store,
          kennysheep_mini_moat, nicolae_take_the_stairs, kennysheep_little_box
D:6:      layout_loops_corners, nicolae_figureground_pulse
D:7:      layout_basic, mainiacjoe_overflow_brackets, temple_hall
D:8:      layout_loops_ring, nicolae_vehumet_altar_sigil, serial_ice,
          serial_ice_i, serial_ice_g, serial_ice_c, serial_ice_n, special_room
          [special_room_orc]
D:9:      layout_irregular_city, mainiacjoe_overflow_alcove_1, uniq_maurice
D:10:     layout_basic, mainiacjoe_overflow_boulevard, serial_park_tiny_pond,
          nicolae_lava_and_water, grunt_ministairs_13, uniq_nergalle
D:11:     layout_cave_pods, erik_lair_island,
          ploomutoo_gammafunk_ghost_potion_laboratory,
          nicolae_straight_to_the_point
Temple:   jpeg_temple_alley_garden

Skill      XL: |  1  2  3  4  5  6  7  8  9 10 11 |
---------------+----------------------------------+-----
Summonings     | 2 3 4 |  4.0
Conjurations   | 2 3 6 9 10 11 12 | 12.0
Spellcasting   | 4 5 |  5.0
Fighting       | 4 6 |  6.0
Dodging        | 5 8 10 | 10.0
Earth Magic    | 3 6 |  6.4
Stealth        | |  2.6
Translocations | |  1.0

Action                   |  1- 3 |  4- 6 |  7- 9 | 10-12 || total
-------------------------+-------+-------+-------+-------++-------
Melee: Dagger            |    16 |   192 |    29 |       ||   237
       Punch             |       |     4 |     1 |       ||     5
       Short sword       |       |       |   141 |    26 ||   167
 Cast: Magic Dart        |    50 |    85 |    53 |     8 ||   196
       Call Imp          |     2 |    26 |    33 |     6 ||    67
       Searing Ray       |       |       |    15 |     1 ||    16
       Stone Arrow       |       |       |    11 |   111 ||   122
       Mephitic Cloud    |       |       |     5 |     5 ||    10
Invok: Ancestor Life: Kn |       |       |       |     1 ||     1
Evoke: Wand              |       |       |     4 |     2 ||     6
  Use: Scroll            |     1 |       |       |     9 ||    10
       Potion            |       |       |     6 |     1 ||     7
 Stab: Sleeping          |       |     3 |     2 |       ||     5
       Distracted        |       |     2 |     3 |       ||     5
       Paralysed         |       |       |     6 |     8 ||    14
       Confused          |       |       |     1 |     1 ||     2
Armor: Robe              |     4 |    51 |    53 |     7 ||   115
Dodge: Dodged            |    18 |   162 |   197 |    47 ||   424
